 Dungeon Crawl Stone Soup version 0.30-a0-691-g754fce4c43 (webtiles) character file.

Game seed: 13677967975660537282

158 NinjaNoafa the Trooper (level 5, -13/50 HPs)
             Began as a Hill Orc Fighter on Jan 19, 2023.
             Was a Believer of Elyvilon.
             Killed from afar by Ijyb (15 damage)
             ... with a bolt of acid
             ... on level 3 of the Dungeon.
             The game lasted 00:04:14 (2972 turns).

NinjaNoafa the Trooper (Hill Orc Fighter)           Turns: 2972, Time: 00:04:15

Health: -13/50     AC:  0    Str: 21    XL:     5   Next: 39%
Magic:  5/5        EV:  9    Int:  8    God:    Elyvilon [**....]
Gold:   134        SH:  4    Dex: 10    Spells: 4/4 levels left

rFire   . . .      SeeInvis +    a - +0 war axe
rCold   . . .      Faith    .    c - +0 buckler
rNeg    . . .      Spirit   .    b - +0 scale mail
rPois   .          Reflect  .    f - +0 helmet {SInv}
rElec   .          Harm     .    (no cloak)
rCorr   .          Rampage  .    (no gloves)
Will    .....                    (no boots) Stlth
                                 (no amulet)
HPRegen 0.28/turn                (no ring)
MPRegen 0.09/turn                (no ring)

@: mighty, corroded
A: no striking features
a: Renounce Religion, Purification, Heal Other


You were on level 3 of the Dungeon.
You worshipped Elyvilon.
Elyvilon was pleased with you.
You visited 1 branch of the dungeon, and saw 3 of its levels.

You collected 134 gold pieces.

Inventory:

Hand Weapons
 a - a +0 war axe (weapon)
Missiles
 l - 3 poisoned darts (quivered)
Armour
 b - a +0 scale mail (worn)
 c - a +0 buckler (worn)
 f - a +0 helmet of see invisible (worn)
Wands
 g - a wand of roots (9)
Scrolls
 e - a scroll of fear {unknown}
 h - 3 scrolls of teleportation {unknown}
 i - a scroll of fog {unknown}
 j - 3 scrolls of poison {unknown}
 k - a scroll of noise {unknown}
 n - a scroll of identify {unknown}
 o - a scroll of vulnerability {unknown}
 p - a scroll of immolation {unknown}
 q - a scroll of amnesia {unknown}
 r - a scroll of magic mapping {unknown}
 s - a scroll of brand weapon {unknown}
Potions
 m - a potion of lignification {unknown}


   Skills:
 + Level 5.9 Fighting
 - Level 2.9 Axes
 - Level 4.0 Armour
 - Level 4.0 Shields
 - Level 0.9 Invocations


You had 4 spell levels left.
You didn't know any spells.
Your spell library was empty.

Dungeon Overview and Level Annotations

Branches:
Dungeon (3/15)

Altars:
Elyvilon
Vehumet

Shops:
D:3 (

Annotations:
D:3 1 runed translucent door, Crazy Yiuf, Ijyb


Message History

Key pressed, stopping explore.
Key pressed, stopping explore.
Ijyb the Twisted Goblin comes into view.
She is wielding a +0 club and carrying a wand of acid (9).
Found 9 gold pieces.
Ijyb shouts!
Ijyb zaps a wand.
The bolt of acid hits you!
Ijyb is nearby!
Ijyb drinks a potion.
Ijyb seems to grow stronger.
You hit Ijyb.
Ijyb is moderately wounded.
Ijyb zaps a wand.
The bolt of acid misses you.
You closely miss Ijyb.
Ijyb is moderately wounded.
You block Ijyb's attack.
You barely miss Ijyb.
Ijyb is moderately wounded.
Ijyb barely misses you. Ijyb hits you but does no damage.
You hit Ijyb.
Ijyb is moderately wounded.
Ijyb zaps a wand.
The bolt of acid hits you! The acid corrodes you!
You barely miss Ijyb.
Ijyb is moderately wounded.
Ijyb zaps a wand.
The bolt of acid hits you! The acid corrodes you!
You closely miss Ijyb.
Ijyb is moderately wounded.
Ijyb screams, "Me very upset!"
Ijyb zaps a wand.
The bolt of acid hits you!!
* * * LOW HITPOINT WARNING * * *
Ijyb hits you with a +0 club. Elyvilon protects you from harm!
Okay, then.
Nothing ails you!
Unknown command.
Press: ? - help, Dir - move target, f - Ijyb Heal: Ijyb, wielding a +0 club, wearing a +0 leather armour and carrying a wand of acid (4) (moderately wounded, strong, uninterested) Ijyb would be completely unfazed by your meagre offer of peace.
Okay, then.
You feel very mighty all of a sudden.
Ijyb zaps a wand.
The bolt of acid hits you!
You die...

#...........≈§...##)##.##†##
#...##.##.#.≈....#..#..#).#
#...##.##.#.≈..#.##.##.##.#
####...##.##.#....#.#.##.##.##
..........##.#....#....#.....#
####..........._..#.##########
###...................
##...#.#####.#....##.#
#...##.# #.#.≈@.# .# #.#.##.#
#.#.≈g.# .. ..#....#
#.#.≈...... #####..#
#.#.≈.##...# # #### #.#..$#
#.## #.#...# .# #.#.≈.# # ♣♣
### #.#.≈.# .♣#...#


You could see Ijyb (strong).

Vanquished Creatures
  Jessica (D:3)
  4 gnolls
  2 adders
  2 worms
  2 dart slugs
  2 orcs (D:3)
  9 ball pythons
  4 endoplasms
  A giant cockroach (D:1)
  8 goblins
  7 hobgoblins
  4 kobolds
  3 quokkas
  6 bats
  7 frilled lizards
  2 rats (D:3)
64 creatures vanquished.

Notes
Turn   | Place    | Note
-------+----------+-------------------------------------------
     0 | D:1      | NinjaNoafa the Hill Orc Fighter began the quest for the
                  | Orb.
     0 | D:1      | Reached XP level 1. HP: 19/19 MP: 1/1
   162 | D:1      | Reached XP level 2. HP: 27/27 MP: 2/2
   164 | D:1      | Found a faded altar of an unknown god.
   305 | D:1      | Prayed at the altar of an unknown god.
   305 | D:1      | Became a worshipper of Elyvilon the Healer
   305 | D:1      | Reached * piety under Elyvilon
   419 | D:1      | Reached skill level 4 in Fighting
   508 | D:1      | Reached XP level 3. HP: 17/33 MP: 3/3
  1173 | D:2      | Reached ** piety under Elyvilon
  1532 | D:2      | Reached XP level 4. HP: 38/41 MP: 4/4
  1663 | D:2      | HP: 2/41 [poisoned by a goblin]
  2187 | D:3      | Reached skill level 5 in Fighting
  2313 | D:3      | Found a runed translucent door.
  2314 | D:3      | Noticed Crazy Yiuf
  2398 | D:3      | Noticed Jessica
  2404 | D:3      | Killed Jessica
  2405 | D:3      | Reached XP level 5. HP: 33/48 MP: 5/5
  2723 | D:3      | Found a radiant altar of Vehumet.
  2857 | D:3      | Found Xigar's Antique Weapon Shoppe.
  2962 | D:3      | Noticed Ijyb
  2971 | D:3      | HP: 1/50 [Ijyb/bolt of acid (23)]
  2971 | D:3      | Elyvilon protects you from harm!
  2972 | D:3      | Killed from afar by Ijyb

Illustrated notes

Levels and vault maps discovered:
D:1:      nagdon_arrival_zigzag_paths, layout_loops_corners,
          hellmonk_ecumenical_altar_zigzags
D:2:      wad_crossroads, layout_loops_ring, kennysheep_big_empty_room
D:3:      minmay_angry_zag, layout_loops_ring, mainiacjoe_overflow_boulevard,
          serial_shops, nicolae_shop_overgrown_old_shop, uniq_jessica,
          uniq_ijyb, uniq_crazy_yiuf_cottage

Skill      XL: |  1  2  3  4 |
---------------+-------------+-----
Fighting       | 4 5 |  5.9
Armour         | 4 |  4.0
Shields        | 4 |  4.0
Axes           | |  2.9
Invocations    | |  0.9

Action                   |  1- 3 |  4- 6 || total
-------------------------+-------+-------++-------
Melee: War axe           |    90 |    86 ||   176
Invok: Purification      |       |     2 ||     2
  Use: Potion            |       |     4 ||     4
Armor: Scale mail        |    46 |    34 ||    80
Dodge: Dodged            |    42 |    35 ||    77
Block: Buckler           |    20 |    13 ||    33

Table legend: (Time is in decaauts)
 A = Elapsed time spent in this place.
 B = Non-inter-level travel time spent in this place.
 C = Inter-level travel time spent in this place.
 D = Time resting spent in this place.
 E = Time spent auto-exploring this place.
 F = Levels seen in this place.
 G = Mean time per level.
                   A        B        C        D        E       F      G
               +--------+--------+--------+--------+--------+-----+--------+
         Total |   3047 |   2931 |    116 |      0 |   2415 |   3 | 1015.7 |
       Dungeon |   3047 |   2931 |    116 |      0 |   2415 |   3 | 1015.7 |
               +--------+--------+--------+--------+--------+-----+--------+

Top non-repeatable levels by time:
     D:2: 1164 daAuts
     D:1: 1049 daAuts
     D:3: 833 daAuts
